 Dungeon Crawl Stone Soup version 0.18.1-8-gdd0e5ea (webtiles) character file.

401 Gargoyl the Covered (level 6, -7/48 HPs)
             Began as a Demonspawn Abyssal Knight on May 21, 2016.
             Was a Believer of Lugonu.
             Killed from afar by Dowan (16 damage)
             ... with a stone arrow
             ... on level 4 of the Dungeon.
             The game lasted 00:06:32 (3632 turns).

Gargoyl the Covered (Demonspawn Abyssal Knight)     Turns: 3632, Time: 00:06:33

Health: -7/48      AC: 10    Str: 14    XL:     6   Next: 54%
Magic:  8/8        EV: 12    Int: 14    God:    Lugonu [**....]
Gold:   163        SH:  0    Dex: 20    Spells: 0 memorised, 5 levels left

rFire  . . .     SeeInvis .     a - +1 hand axe
rCold  . . .     Gourm    .     j - +0 chain mail
rNeg   . . .     Faith    .     (no shield)
rPois  .         Spirit   .     (no helmet)
rElec  .         Dismiss  .     (no cloak)
rCorr  .         Reflect  .     A - +0 pair of gloves
SustAt +         Harm     .     (no boots)
MR     .....                    (no amulet)
Stlth  ..........               o - +3 ring of dexterity
                                n - ring of sustain attributes

@: agile, not resistant to hostile enchantments, extremely unstealthy
A: hooves 1, demonic guardian 1
a: Depart the Abyss, Bend Space, Renounce Religion


You were on level 4 of the Dungeon.
You worshipped Lugonu.
Lugonu was pleased with you.
You were not hungry.

You visited 1 branch of the dungeon, and saw 4 of its levels.
You visited the Abyss 1 time.

You collected 163 gold pieces.

Inventory:

Hand Weapons
 a - a +1 hand axe (weapon)
 y - a +0 flail
Missiles
 m - 6 javelins (quivered)
Armour
 j - a +0 chain mail (worn)
 A - a +0 pair of gloves (worn)
Jewellery
 n - a ring of sustain attributes (left hand)
 o - a +3 ring of dexterity (right hand)
Scrolls
 b - a scroll of magic mapping {unknown}
 e - 2 scrolls of enchant weapon {unknown}
 f - 2 scrolls of amnesia {unknown}
 i - 6 scrolls of identify {unknown}
 k - 2 scrolls of enchant armour {unknown}
 q - a scroll of fear {unknown}
 s - a scroll of recharging {unknown}
 u - a scroll of teleportation {unknown}
 v - a scroll of blinking {unknown}
Potions
 d - a potion of resistance {unknown}
 p - a potion of cancellation {unknown}
 r - a potion of cure mutation {unknown}
 w - a potion of degeneration {unknown}
 x - 2 potions of agility
Books
 h - an Akashic Record

   Spells                             Type                      Level
   a - Dispersal                      Translocation                6
   b - Malign Gateway                 Summoning/Translocation      7
   c - Disjunction                    Translocation                8
   d - Controlled Blink               Translocation                8
Comestibles
 c - 2 bread rations
 g - 2 meat rations
 l - a royal jelly
 t - a slice of pizza
 z - 2 chunks of flesh


   Skills:
 + Level 4.0 Fighting
 + Level 3.0 Axes
 * Level 4.7 Armour
 + Level 1.8 Dodging
 + Level 1.0 Stealth
 + Level 3.0 Invocations


You had 5 spell levels left.
You didn't know any spells.

Dungeon Overview and Level Annotations

Branches:
Dungeon (4/15)
 Temple: D:4-7

Altars:
Dithmenos
Elyvilon
Sif Muna
Trog
Vehumet

Annotations:
D:4 Dowan


Innate Abilities, Weirdness & Mutations

You have large cloven feet.
A weak demonic guardian rushes to your aid.


Message History

Duvessa barely misses your iron imp.
Your iron imp barely misses Duvessa.
You hit Dowan. You kick Dowan, but do no damage.
Dowan is moderately wounded.
Duvessa hits your iron imp with a short sword.
Dowan hits you with a dagger.
* * * LOW HITPOINT WARNING * * *
Your iron imp hits Duvessa but does no damage.
Your white imp gestures at Duvessa.
The puff of frost hits Dowan.
Dowan resists.
Your iron imp hits Duvessa.
Duvessa dies!
Lugonu accepts your kill.
Dowan screams, "No!
Oh no!"
Dowan seems to find hidden reserves of power!
Your Stealth skill increases to level 1!
Your Invocations skill increases to level 3!
You hit Dowan. Your kick misses Dowan.
Dowan is heavily wounded.
Dowan points at you and mumbles some strange words.
The stone arrow hits you!
You die...

.. ####.#################
..#..##.##..##.#..#(#
#......[............
#..................
#..................
#..............)...
##55............[...
#)e@##.....##...##..
.......5.##.....##...##..
....####+##.....#..).#...
... (..##.....#....#... )
...........#....#...
.[..##...####...####
....##...####...####
.........'.........<
........#..........


You could see Dowan, 2 friendly iron imps and a friendly white imp.

Vanquished Creatures
  The ghost of Suckerboh the Sneak, a weakling TrAs (D:3)
  A scorpion (D:3)
  2 hounds (D:4)
  2 orc priests (D:3)
  An orc wizard (D:3)
  4 adders
  An ooze (D:4)
  4 dart slugs
  A worm (D:2)
  A giant gecko (D:3)
  5 orcs
  4 bats
  4 giant cockroaches
  2 goblins
  6 hobgoblins
  A quokka (D:3)
  A giant gecko skeleton (D:4)
  3 giant newts
  2 kobolds
  6 rats
52 creatures vanquished.

Vanquished Creatures (collateral kills)
  Duvessa (D:4)
  An orc wizard (D:4)
  3 orcs
5 creatures vanquished.

Grand Total: 57 creatures vanquished

Notes
Turn   | Place    | Note
--------------------------------------------------------------
     0 | Abyss:1  | Gargoyl the Demonspawn Abyssal Knight began the quest for the Orb.
     0 | Abyss:1  | Reached XP level 1. HP: 18/18 MP: 2/2
    87 | Abyss:2  | Noticed an ice beast
    99 | D:1      | Escaped the Abyss
   523 | D:1      | Reached * piety under Lugonu
   523 | D:1      | Gained mutation: You have large cloven feet. [demonic ancestry]
   523 | D:1      | Reached XP level 2. HP: 24/24 MP: 4/4
   990 | D:2      | Found a shadowy altar of Dithmenos.
   990 | D:2      | Found a bloodstained altar of Trog.
   991 | D:2      | Found a faded altar to an unknown god.
  1012 | D:2      | Reached XP level 3. HP: 22/29 MP: 5/5
  1171 | D:2      | Found a deep blue altar of Sif Muna.
  1629 | D:3      | Found a radiant altar of Vehumet.
  1973 | D:3      | Reached skill level 1 in Dodging
  1987 | D:3      | Reached XP level 4. HP: 28/36 MP: 6/6
  2033 | D:3      | Found a white marble altar of Elyvilon.
  2162 | D:3      | Noticed Suckerboh's ghost (weakling TrAs)
  2191 | D:3      | Killed Suckerboh's ghost
  2191 | D:3      | Gained mutation: A weak demonic guardian rushes to your aid. [demonic ancestry]
  2191 | D:3      | Reached XP level 5. HP: 29/42 MP: 7/7
  2270 | D:3      | Reached ** piety under Lugonu
  3390 | D:3      | Reached XP level 6. HP: 39/48 MP: 8/8
  3617 | D:4      | Noticed Duvessa
  3618 | D:4      | Noticed Dowan
  3631 | D:4      | Killed Duvessa
  3631 | D:4      | Reached skill level 1 in Stealth
  3632 | D:4      | Killed from afar by Dowan

Skill      XL: |  1  2  3  4  5  6 |
---------------+-------------------+-----
Armour         | 2 3 4 |  4.7
Axes           | 2 3 |  3.0
Dodging        | 1 |  1.8
Fighting       | 4 |  4.0
Stealth        | 1 |  1.0
Invocations    | 3 |  3.0

Action                   |  1- 3 |  4- 6 || total
-------------------------+-------+-------++-------
Melee: Hand axe          |   121 |   168 ||   289
       Kick              |    21 |    52 ||    73
Invok: Depart the Abyss  |     1 |       ||     1
       Bend Space        |       |     1 ||     1
  Use: Potion            |     6 |     3 ||     9
 Stab: Distracted        |       |     3 ||     3
  Eat: Chunk             |     2 |     7 ||     9
Armor: Chain mail        |   102 |   114 ||   216
Dodge: Dodged            |    39 |    64 ||   103
